PCL
ROUND ROCK EXPRESS @ OMAHA STORM CHASERS
04/20/2024
 
TOP OF THE 1ST
Round Rock Express batting - Pitching for Omaha Storm Chasers : LHP Drew Rom
Pitching: LHP Drew Rom
Batting: RHB Travis Mumphrey 0-0: Ball
1-0: Called Strike
1-1: Ball
2-1: Ball
3-1: Base on Balls
Batting: LHB Roy McKenzie 0-0: Swinging Strike
0-1: Called Strike
0-2: Strikes out swinging
Batting: RHB Cole Mabry 0-0: Called Strike
0-1: Ball
1-1: Swinging Strike
1-2: Fielders Choice at 2nd, 5-4 (Groundball, 56, EV 82.5 MPH)
Batting: RHB Paul Jorgensen 0-0: Called Strike
0-1: Ball
1-1: Fielders Choice at 2nd, 6-4 (Groundball, 56, EV 78.8 MPH)
Top of the 1st over - 0 runs, 0 hits, 0 errors, 1 left on base; Round Rock 0 - Omaha 0
BOTTOM OF THE 1ST
Omaha Storm Chasers batting - Pitching for Round Rock Express : RHP J.D. Shockley
Pitching: RHP J.D. Shockley
Batting: RHB Ben Leach 0-0: Ball
1-0: SINGLE (Groundball, 4MD, EV 100.6 MPH) (infield hit)
Batting: RHB Bradley Swagger 0-0: Called Strike
0-1: Fly out, F4 (Flyball, 4MD, EV 90.6 MPH)
Batting: RHB Donald Taylor 0-0: Ball
1-0: Called Strike
1-1: Ball
2-1: Ball
3-1: Called Strike
3-2: Foul Ball, location: 3F
3-2: Strikes out swinging
Ben Leach steals 2nd base (no throw)
Batter strikes out.
Batting: LHB Bob Collins 0-0: Ball
1-0: Fly out, F2 (Popup, 25F, EV 87.5 MPH)
Bottom of the 1st over - 0 runs, 1 hit, 0 errors, 1 left on base; Round Rock 0 - Omaha 0
TOP OF THE 2ND
Round Rock Express batting - Pitching for Omaha Storm Chasers : LHP Drew Rom
Batting: LHB Ford Proctor 0-0: Ball
1-0: Called Strike
1-1: Foul Ball, location: 2F
1-2: Fly out, F8 (Flyball, 8RM, EV 88.8 MPH)
Batting: LHB Joe Walter 0-0: SINGLE (Line Drive, 8LS, EV 95.6 MPH)
Batting: RHB Brian Burns 0-0: Ball
1-0: Grounds into double play, 6-4-3 (Groundball, 6, EV 101.9 MPH)
Top of the 2nd over - 0 runs, 1 hit, 0 errors, 0 left on base; Round Rock 0 - Omaha 0
BOTTOM OF THE 2ND
Omaha Storm Chasers batting - Pitching for Round Rock Express : RHP J.D. Shockley
Batting: RHB Antonio Flores 0-0: Ball
1-0: Ball
2-0: Swinging Strike
2-1: Fly out, F9 (Line Drive, 9S, EV 104.4 MPH)
Batting: RHB Hagen Danner 0-0: Called Strike
0-1: Ball
1-1: Swinging Strike
1-2: Ball
2-2: Strikes out swinging
Batting: LHB JT Schwartz 0-0: Ball
1-0: Called Strike
1-1: Fly out, F2 (Popup, 3SF, EV 83.1 MPH)
Bottom of the 2nd over - 0 runs, 0 hits, 0 errors, 0 left on base; Round Rock 0 - Omaha 0
TOP OF THE 3RD
Round Rock Express batting - Pitching for Omaha Storm Chasers : LHP Drew Rom
Batting: RHB Ric Booker 0-0: Ball
1-0: Ball
2-0: Ball
3-0: Base on Balls
Batting: LHB John Bazemore 0-0: Bunt missed!
0-1: Ball
1-1: Bunted foul
1-2: Strikes out looking
Batting: RHB Travis Mumphrey 0-0: Foul Ball, location: 2F
0-1: Ball
1-1: SINGLE (Groundball, 6MD, EV 103.8 MPH)
Ric Booker to second
Runner from 2nd tries for 3rd, SAFE, throw by CF made to third
Batting: LHB Roy McKenzie 0-0: SINGLE (Line Drive, 7S, EV 98.1 MPH)
Ric Booker scores
Travis Mumphrey to second
Batting: RHB Cole Mabry 0-0: Ball
1-0: Ball
2-0: Ball
3-0: Base on Balls
Travis Mumphrey to third
Roy McKenzie to second
Batting: RHB Paul Jorgensen 0-0: Ball
1-0: Called Strike
1-1: Grounds into double play, 5-4-3 (Groundball, 56S, EV 81.9 MPH)
Top of the 3rd over - 1 run, 2 hits, 0 errors, 2 left on base; Round Rock 1 - Omaha 0
BOTTOM OF THE 3RD
Omaha Storm Chasers batting - Pitching for Round Rock Express : RHP J.D. Shockley
Batting: SHB Junior Sanquintin 0-0: Ground out 4-3 (Groundball, 4, EV 98.8 MPH)
Batting: RHB Mark Stewart 0-0: Ball
1-0: Ball
2-0: Foul Ball, location: 5DF
2-1: Ground out 6-3 (Groundball, 6M, EV 63.1 MPH)
Batting: RHB Ben Leach 0-0: Foul Ball, location: 25F
0-1: SINGLE (Line Drive, 9S, EV 88.8 MPH)
Batting: RHB Bradley Swagger 0-0: Ball
1-0: Ball
2-0: Ball
3-0: Called Strike
3-1: Called Strike
3-2: SINGLE (Line Drive, 5D, EV 95.6 MPH)
Ben Leach to second
Ben Leach to third
Batting: RHB Donald Taylor 0-0: Ball
1-0: Swinging Strike
1-1: Swinging Strike
1-2: Ground out 6-3 (Groundball, P, EV 86.3 MPH)
Bottom of the 3rd over - 0 runs, 2 hits, 0 errors, 2 left on base; Round Rock 1 - Omaha 0
TOP OF THE 4TH
Round Rock Express batting - Pitching for Omaha Storm Chasers : LHP Drew Rom
Batting: LHB Ford Proctor 0-0: Called Strike
0-1: Fly out, F8 (Flyball, 8RM, EV 85.0 MPH)
Batting: LHB Joe Walter 0-0: Ball
1-0: Foul Ball, location: 2F
1-1: SINGLE (Flyball, 78S, EV 87.5 MPH)
Batting: RHB Brian Burns 0-0: Ball
1-0: Foul Ball, location: 2F
1-1: Ball
2-1: Foul Ball, location: 2F
2-2: Grounds into double play, 4-6-3 (Groundball, 4M, EV 101.3 MPH)
Top of the 4th over - 0 runs, 1 hit, 0 errors, 0 left on base; Round Rock 1 - Omaha 0
BOTTOM OF THE 4TH
Omaha Storm Chasers batting - Pitching for Round Rock Express : RHP J.D. Shockley
Batting: LHB Bob Collins 0-0: SOLO HOME RUN (Flyball, 89XD, EV 109.4 MPH), Distance : 420 ft
Batting: RHB Antonio Flores 0-0: Foul Ball, location: 3DF
0-1: Ground out 6-3 (Groundball, 56, EV 105.6 MPH)
Batting: RHB Hagen Danner 0-0: Ball
1-0: Foul Ball, location: 2F
1-1: Foul Ball, location: 9LMF
1-2: Ball
2-2: Foul Ball, location: 2F
2-2: Ball
3-2: Base on Balls
Batting: LHB JT Schwartz 0-0: Ball
1-0: Foul Ball, location: 2F
1-1: SINGLE (Groundball, 34D, EV 109.4 MPH)
Hagen Danner to second
Runner from 2nd tries for 3rd, SAFE, throw by RF made to third
Batting: SHB Junior Sanquintin 0-0: Ball
1-0: Ball
2-0: Ball
3-0: Called Strike
3-1: Base on Balls
JT Schwartz to second
Batting: RHB Mark Stewart 0-0: Swinging Strike
0-1: Ball
1-1: Fly out, F9 (Flyball, 9D, EV 103.1 MPH)
Runner from 3rd tags up, SCORES, no throw by RF
JT Schwartz to third
Batting: RHB Ben Leach 0-0: Called Strike
0-1: Ball
1-1: Swinging Strike
1-2: Ball
2-2: Foul Ball, location: 5F
2-2: Ball
3-2: Foul Ball, location: 3SF
3-2: Strikes out swinging
Bottom of the 4th over - 2 runs, 2 hits, 0 errors, 2 left on base; Round Rock 1 - Omaha 2
TOP OF THE 5TH
Round Rock Express batting - Pitching for Omaha Storm Chasers : LHP Drew Rom
Batting: RHB Ric Booker 0-0: Bunt missed!
0-1: Ground out 5-3 (Groundball, 6S, EV 86.9 MPH)
Batting: LHB John Bazemore 0-0: Ball
1-0: Swinging Strike
1-1: Ball
2-1: Foul Ball, location: 5F
2-2: Strikes out swinging
Batting: RHB Travis Mumphrey 0-0: Ball
1-0: Fly out, F8 (Flyball, 8LM, EV 100.6 MPH)
Top of the 5th over - 0 runs, 0 hits, 0 errors, 0 left on base; Round Rock 1 - Omaha 2
BOTTOM OF THE 5TH
Omaha Storm Chasers batting - Pitching for Round Rock Express : RHP J.D. Shockley
Batting: RHB Bradley Swagger 0-0: Foul Ball, location: 25F
0-1: Fly out, F9 (Flyball, 89S, EV 86.9 MPH)
Batting: RHB Donald Taylor 0-0: Ball
1-0: Ball
2-0: SINGLE (Flyball, 89S, EV 90.6 MPH)
Batting: LHB Bob Collins 0-0: Ball
1-0: Grounds into double play, 4-6-3 (Groundball, 4, EV 106.3 MPH)
Bottom of the 5th over - 0 runs, 1 hit, 0 errors, 0 left on base; Round Rock 1 - Omaha 2
TOP OF THE 6TH
Round Rock Express batting - Pitching for Omaha Storm Chasers : LHP Drew Rom
Batting: LHB Roy McKenzie 0-0: Ball
1-0: DOUBLE (Line Drive, 9LS, EV 91.3 MPH)
Batting: RHB Cole Mabry 0-0: Called Strike
0-1: Ball
1-1: Ball
2-1: Ball
3-1: Called Strike
3-2: Foul Ball, location: 2F
3-2: Ground out 4-3 (Groundball, 4MS, EV 65.6 MPH)
Roy McKenzie to third
Batting: RHB Paul Jorgensen 0-0: Called Strike
0-1: SINGLE (Groundball, 4MD, EV 102.5 MPH)
Roy McKenzie scores
Batting: LHB Ford Proctor 0-0: Ball
1-0: Foul Ball, location: 23F
1-1: Called Strike
1-2: Ball
2-2: Fly out, F4 (Line Drive, 4M, EV 62.5 MPH)
Batting: LHB Joe Walter 0-0: Ball
1-0: Foul Ball, location: 3F
1-1: Ball
2-1: DOUBLE (Line Drive, 8RXD, EV 110.6 MPH)
Paul Jorgensen to third
Runner from 3rd tries for Home, SAFE, throw by CF to home
Batting: RHB Brian Burns 0-0: Intentional Walk
Batting: RHB Ric Booker 0-0: Ball
1-0: Ball
2-0: Ball
3-0: Called Strike
3-1: Base on Balls
Joe Walter to third
Brian Burns to second
Batting: LHB John Bazemore 0-0: Swinging Strike
0-1: Swinging Strike
0-2: Foul Ball, location: 5SF
0-2: Ball
1-2: Ball
2-2: Ball
3-2: Ground out 1-3 (Groundball, 15, EV 63.1 MPH)
Top of the 6th over - 2 runs, 3 hits, 0 errors, 3 left on base; Round Rock 3 - Omaha 2
BOTTOM OF THE 6TH
Omaha Storm Chasers batting - Pitching for Round Rock Express : RHP J.D. Shockley
Batting: RHB Antonio Flores 0-0: Ball
1-0: Called Strike
1-1: Ball
2-1: Ball
3-1: SINGLE (Line Drive, 34, EV 97.5 MPH)
Batting: RHB Hagen Danner 0-0: Fly out, F7 (Flyball, 7, EV 95.6 MPH)
Batting: LHB JT Schwartz 0-0: Fly out, F8 (Line Drive, 8LM, EV 96.9 MPH)
Batting: SHB Junior Sanquintin 0-0: Swinging Strike
0-1: Ball
1-1: SINGLE (Groundball, 4MD, EV 101.3 MPH)
Antonio Flores to second
Runner from 2nd tries for 3rd, SAFE, no throw by CF
Pitching: RHP Eric Walker
Batting: RHB Mark Stewart 0-0: Ball
1-0: Foul Ball, location: 23F
1-1: Swinging Strike
1-2: Foul Ball, location: 9LDF
1-2: Ball
2-2: Ball
3-2: Strikes out swinging
Bottom of the 6th over - 0 runs, 2 hits, 0 errors, 2 left on base; Round Rock 3 - Omaha 2
TOP OF THE 7TH
Round Rock Express batting - Pitching for Omaha Storm Chasers : LHP Drew Rom
Batting: RHB Travis Mumphrey 0-0: Foul Ball, location: 2F
0-1: Ground out 6-3 (Groundball, 6, EV 110.0 MPH)
Batting: LHB Roy McKenzie 0-0: Ball
1-0: Ball
2-0: Ball
3-0: Called Strike
3-1: Swinging Strike
3-2: Ground out 4-3 (Groundball, 4, EV 86.3 MPH)
Batting: RHB Cole Mabry 0-0: Called Strike
0-1: Foul Ball, location: 5SF
0-2: Fly out, F7 (Flyball, 78S, EV 85.6 MPH)
Top of the 7th over - 0 runs, 0 hits, 0 errors, 0 left on base; Round Rock 3 - Omaha 2
BOTTOM OF THE 7TH
Omaha Storm Chasers batting - Pitching for Round Rock Express : RHP Eric Walker
Pitching: RHP Jean-Luc Raymond
Batting: RHB Ben Leach 0-0: Ball
1-0: Ground out 5-3 (Groundball, 56, EV 86.3 MPH)
Pinch Hitting: LHB Paul Robbins 0-0: Called Strike
0-1: Ball
1-1: Foul Ball, location: 23F
1-2: Foul Ball, location: 5FF
1-2: Foul Ball, location: 7LDF
1-2: Foul Ball, location: 9LDF
1-2: Ground out U3 (Groundball, 3L, EV 93.1 MPH)
Batting: RHB Donald Taylor 0-0: Ground out 6-3 (Groundball, 56, EV 97.5 MPH)
Bottom of the 7th over - 0 runs, 0 hits, 0 errors, 0 left on base; Round Rock 3 - Omaha 2
TOP OF THE 8TH
Round Rock Express batting - Pitching for Omaha Storm Chasers : LHP Drew Rom
Pitching: RHP Jason Ramos
Now at 1B: JT Schwartz
Now in RF: Paul Robbins
Batting: RHB Paul Jorgensen 0-0: Ball
1-0: Foul Ball, location: 7LDF
1-1: Ball
2-1: Ball
3-1: Foul Ball, location: 5FF
3-2: Foul Ball, location: 5F
3-2: DOUBLE (Line Drive, 7LM, EV 110.6 MPH)
Batting: LHB Ford Proctor 0-0: Ball
1-0: Foul Ball, location: 3SF
1-1: Hit by Pitch
Batting: LHB Joe Walter 0-0: Ball
1-0: Swinging Strike
1-1: Ball
2-1: Ball
3-1: Foul Ball, location: 5FF
3-2: Fielders Choice at 2nd, 4-6 (Groundball, 4, EV 80.6 MPH)
Paul Jorgensen to third
Batting: RHB Brian Burns 0-0: Ball
1-0: Ball
2-0: Called Strike
2-1: Fly out, F8 (Line Drive, 8RD, EV 99.4 MPH)
Runner from 3rd tags up, SCORES, throw by CF
Batting: RHB Ric Booker 0-0: Ball
1-0: Ball
2-0: Fly out, F8 (Flyball, 8LD, EV 110.6 MPH)
Top of the 8th over - 1 run, 1 hit, 0 errors, 1 left on base; Round Rock 4 - Omaha 2
BOTTOM OF THE 8TH
Omaha Storm Chasers batting - Pitching for Round Rock Express : RHP Jean-Luc Raymond
Batting: LHB Bob Collins 0-0: Called Strike
0-1: SINGLE (Flyball, 8LM, EV 86.3 MPH)
Batting: RHB Antonio Flores 0-0: Foul Ball, location: 2F
0-1: Ball
1-1: Ball
2-1: Ball
3-1: Foul Ball, location: 9LSF
3-2: Reached via error on a dropped throw from 3B, E3 (Groundball, 5D, EV 98.8 MPH)
Bob Collins to second
Batting: RHB Hagen Danner 0-0: Ball
1-0: Bunted foul
1-1: Foul Ball, location: 9LDF
1-2: Fielders Choice at 2nd, 5-4 (Groundball, 56, EV 84.4 MPH)
Bob Collins to third
Batting: LHB JT Schwartz 0-0: Swinging Strike
0-1: Swinging Strike
0-2: Strikes out swinging
Pitching: RHP Hayden Juenger
Batting: SHB Junior Sanquintin 0-0: Swinging Strike
0-1: 3-RUN HOME RUN (Flyball, 7D, EV 97.5 MPH), Distance : 359 ft
Batting: RHB Mark Stewart 0-0: Ball
1-0: Ground out 6-3 (Groundball, 6, EV 86.3 MPH)
Bottom of the 8th over - 3 runs, 2 hits, 1 error, 0 left on base; Round Rock 4 - Omaha 5
TOP OF THE 9TH
Round Rock Express batting - Pitching for Omaha Storm Chasers : RHP Jason Ramos
Pitching: RHP Orlando Días
Batting: LHB John Bazemore 0-0: Called Strike
0-1: Foul Ball, location: 2F
0-2: Ball
1-2: Foul Ball, location: 25FF
1-2: Ball
2-2: Strikes out swinging
Batting: RHB Travis Mumphrey 0-0: Ball
1-0: Ball
2-0: Swinging Strike
2-1: Swinging Strike
2-2: Fly out, F1 (Line Drive, P, EV 60.6 MPH)
Batting: LHB Roy McKenzie 0-0: Called Strike
0-1: Called Strike
0-2: Foul Ball, location: 5DF
0-2: Ball
1-2: Ball
2-2: SINGLE (Groundball, 56, EV 83.8 MPH)
Batting: RHB Cole Mabry 0-0: Called Strike
0-1: Called Strike
0-2: Ball
1-2: Ball
2-2: Ball
3-2: SINGLE (Groundball, 34D, EV 98.8 MPH)
Roy McKenzie to second
Roy McKenzie to third
Batting: RHB Paul Jorgensen 0-0: SINGLE (Groundball, 4, EV 105.0 MPH) (infield hit)
Roy McKenzie scores
Cole Mabry to second
Batting: LHB Ford Proctor 0-0: Ball
1-0: 3-RUN HOME RUN (Flyball, 9LD, EV 93.1 MPH), Distance : 356 ft
Pitching: RHP Josh Hiatt
Batting: LHB Joe Walter 0-0: Ball
1-0: Called Strike
1-1: Ball
2-1: Ground out 3-1 (Groundball, 13, EV 85.0 MPH)
Top of the 9th over - 4 runs, 4 hits, 0 errors, 0 left on base; Round Rock 8 - Omaha 5
BOTTOM OF THE 9TH
Omaha Storm Chasers batting - Pitching for Round Rock Express : RHP Hayden Juenger
Batting: RHB Ben Leach 0-0: Foul Ball, location: 3F
0-1: Fly out, F2 (Popup, 3SF, EV 90.6 MPH)
Batting: LHB Paul Robbins 0-0: Called Strike
0-1: Ball
1-1: Called Strike
1-2: SOLO HOME RUN (Flyball, 8LXD, EV 108.1 MPH), Distance : 417 ft
Batting: RHB Donald Taylor 0-0: Ground out 6-3 (Groundball, 6S, EV 68.8 MPH)
Batting: LHB Bob Collins 0-0: Ball
1-0: Foul Ball, location: 7LSF
1-1: Ball
2-1: Ball
3-1: Fly out, F8 (Line Drive, 8RS, EV 92.5 MPH)
Bottom of the 9th over - 1 run, 1 hit, 0 errors, 0 left on base; Round Rock 8 - Omaha 6
Monday, April 29th , 2024 - OOTP Baseball 24.11 Build 85